← All builds
Suicide front / Legion / Quick factory / OBSERVED BUILD

Standard suicide front

Quick Bot Lab into Vehicle Plant to project force at middle early with Ballista, Satyr, Decurion and Lance, transitioning into Barrage artillery and an Advanced Metal Extractor as the game develops.

#rush #raid · 27 distinct matches · 15 players · 78% of Legion Suicide front games · team won 50% of 28 · Recently observed

HOW TO PLAY IT

Key timing: Legion Vehicle Plant by 1:01

  1. Take a single mex and rush the bot lab immediately.
  2. Finish the bot lab fast to start early Decurion or Ballista pushes.
  3. Get the vehicle plant up to widen unit options for the front.
  4. Contest the middle early and expect combat losses right away.
  5. Pick up T2 constructor once middle is stabilized to prep for T2 arrivals.

Phase by phase

TYPICAL OF ITS 27 GAMES
  1. 1
  2. 2
  3. 3
PLAY THE OPENING

Follow the example game's first 6:00 step by step: what to build now, what comes next, and where it goes. At 1× it keeps pace with your own game.

  1. 1

    Up to the Legion Bot Lab

    Economy
    • Metal Extractor2Mex
    Order
    1. Legion Bot LabLegion Bot Lab after 2 mexdone ~0:34, middle half 0:24–0:35

    By 0:17 in all: 2 mex

    The example game in this phase · 1 step
    1. Mex ×2
  2. 2

    Legion Bot Lab to 5:00

    Economy
    • Metal Extractor5Mex
    • Wind Turbine8Wind
    Builders
    • Construction Turret1 Con turret
    • Legion Construction Bot3 Legion Construction Bot
    • Zagreus2 Zagreus
    Army
    • Pharos4 Pharos
    Other
    • Radar Tower1 Radar Tower

    Some games also: Ballista (43%) · Goblin (39%) · Satyr (36%) · Legion Construction Vehicle (32%)

    By 5:00 in all: 6 mex · 9 wind · 1 con turret

    The example game in this phase · 31 steps
    1. PharosPharos
    2. Mex
    3. Radar TowerRadar Tower
    4. Legion Vehicle PlantLegion Vehicle Plantdone 1:04 · typical 1:01
    5. Legion Construction VehicleLegion Construction Vehicle
    6. Wind ×3
    7. Legion Construction VehicleLegion Construction Vehicle
    8. LanceLance
    9. Wind
    10. BarrageBarrage
    11. Mex
    12. Wind
    13. PharosPharos
    14. Wind
    15. LanceLance
    16. CacophonyCacophony
    17. Wind
    18. Mex
    19. BarrageBarrage
    20. Wind
    21. LanceLance
    22. Con turret
    23. Wind
    24. BarrageBarrage
    25. Wind
    26. CacophonyCacophony
    27. LanceLance
    28. Mex
    29. CacophonyCacophony
    30. Energy storage
    31. CacophonyCacophony
  3. 3

    5:00 to 10:00

    Economy
    • Metal Extractor2Mex
    • Wind Turbine17Wind
    • Energy Storage1Energy storage
    Builders
    • Construction Turret2 Con turret

    Some games also: Zagreus (50%) · Radar Tower (46%) · Ballista (39%) · converter (36%) · Goblin (36%)

    By 10:00 in all: 8 mex · 25 wind · 1 energy storage · 4 con turret

    The example game in this phase · 135 steps
    1. AmputatorAmputator
    2. Mex
    3. Wind
    4. Radar TowerRadar Tower
    5. Wind
    6. Con turret
    7. Wind
    8. Con turret
    9. Wind
    10. HiveHive
    11. AmputatorAmputator
    12. Legion DroneLegion Drone ×3
    13. Con turret
    14. Legion DroneLegion Drone ×3
    15. Mexfor Front
    16. CacophonyCacophony
    17. Dragon's TeethDragon's Teeth ×3
    18. Legion Construction VehicleLegion Construction Vehicle
    19. Dragon's TeethDragon's Teeth ×2
    20. Con turret
    21. Legion Construction VehicleLegion Construction Vehicle
    22. Metal storage
    23. Legion Construction VehicleLegion Construction Vehicle
    24. Wind
    25. Legion Construction VehicleLegion Construction Vehicle
    26. Wind
    27. Legion Construction VehicleLegion Construction Vehicle ×2
    28. Wind
    29. Legion Construction VehicleLegion Construction Vehicle
    30. Energy storage
    31. Legion Construction VehicleLegion Construction Vehicle
    32. Con turret
    33. Wind
    34. Con turret
    35. Legion Construction VehicleLegion Construction Vehicle
    36. Wind
    37. CacophonyCacophony
    38. Legion DroneLegion Drone
    39. Wind
    40. Legion Construction VehicleLegion Construction Vehicle
    41. Wind ×2
    42. Legion DroneLegion Drone
    43. Legion Construction VehicleLegion Construction Vehicle
    44. Wind ×2
    45. Legion DroneLegion Drone
    46. Wind
    47. Energy storage
    48. Wind ×2
    49. Legion DroneLegion Drone
    50. Wind ×3
    51. Mex
    52. Legion DroneLegion Drone
    53. Wind ×3
    54. Legion DroneLegion Drone
    55. Wind ×2
    56. Con turret
    57. Wind ×2
    58. Con turret
    59. Legion DroneLegion Drone
    60. Wind ×3
    61. LuparaLupara
    62. Legion DroneLegion Drone
    63. Wind
    64. Advanced Metal ExtractorT2 mexdone 11:33 · typical 9:00
    65. Wind
    66. Con turret
    67. Wind
    68. Mexfor Front
    69. Wind ×3
    70. Legion DroneLegion Drone
    71. Dragon's TeethDragon's Teeth ×2
    72. Converter
    73. Wind ×3
    74. Converter
    75. Wind ×4
    76. Advanced Metal ExtractorT2 mex
    77. Wind ×2
    78. Converter
    79. Wind
    80. Legion DroneLegion Drone
    81. Wind
    82. Advanced Metal ExtractorT2 mex
    83. Wind
    84. Legion DroneLegion Drone
    85. Cloakable Fusion ReactorCloakable Fusion Reactordone 14:11
    86. Converter
    87. Wind ×6
    88. Converter
    89. Energy storage
    90. Advanced Metal ExtractorT2 mex
    91. Wind
    92. Converter
    93. Wind ×5
    94. Legion DroneLegion Drone
    95. Wind
    96. Converter
    97. Wind
    98. Legion DroneLegion Drone
    99. Wind
    100. Converter
    101. Wind ×4
    102. Advanced Metal ExtractorT2 mex
    103. Wind ×2
    104. Converter
    105. Wind ×3
    106. Converter
    107. Wind ×3
    108. Legion DroneLegion Drone
    109. Converter
    110. Wind ×2
    111. Legion DroneLegion Drone
    112. Wind ×3
    113. PulsarPulsarnot finished by 15:00
    114. Legion DroneLegion Drone
    115. Converter
    116. Con turret
    117. Legion DroneLegion Drone
    118. Wind ×4
    119. Converter
    120. Legion DroneLegion Drone
    121. Wind ×2
    122. Con turret
    123. Wind ×7
    124. Converter
    125. Wind ×3
    126. Legion DroneLegion Drone
    127. Wind ×2
    128. Con turret
    129. Wind ×3
    130. Converter
    131. Wind ×2
    132. PulsarPulsar
    133. Wind ×2
    134. NyxNyx
    135. Wind ×2

Counts are medians over the build's games: half of them build more, half fewer. The example game is Hummell's (46 OS, 26/09/2026); pick another.

Team trades

IN AT LEAST 30% OF ITS GAMES

You hand over

Nothing regular.

You get

  • Tidal Generator4 Tidal from Pondfirst at 0:11 · in 64% of games
  • Advanced Construction Bot1 T2 con bot from Geo or Techfirst at 7:12 · in 50% of games

How it plays out

Typical game of this build, running totals by minute

Metal produced

010k20k30k
0:005:0010:0015:00

metal

Enemy metal destroyed

05k10k
0:005:0010:0015:00

metal

Own metal lost

05k10k
0:005:0010:0015:00

metal

28 games.

Show as table
ByMetal produced: This buildEnemy metal destroyed: This buildOwn metal lost: This build
1:0029900
2:0090700
3:00208220350
4:003209484290
5:0043301154788
6:00531918041285
7:00633425412361
8:00755837693560
9:00887143784251
10:001049947444932
11:001232249825640
12:001458453036112
13:001742860647159
14:002039473717635
15:002406488208370
WHAT THE NUMBERS SAY

Suicide front trades heavily, destroying more enemy metal early than any other role shown but also losing the most, reflecting its all-in nature.

  • + Enemy metal destroyed hits 1253 by 5:00, far ahead of other roles at that mark.
  • + Metal produced by 5:00 reaches 4185, among the highest early figures.
  • − Own metal lost reaches 5320 by 10:00, the heaviest losses of any build shown.
  • − Team win rate is only 48%, despite the aggressive early trades.
THE EXAMPLE YOU ARE READING

Hummell

45.8 OS · 26/09/2026

Open source match ↗

5 received units · includes a constructor
748 metal received · 19175 energy received

Allied construction assistance is unknown. Timings are observations, not a promise of solo reproducibility.

Typical milestones

Legion Bot Lab0:34Middle 50%: 0:24–0:35 · n=19
Legion Vehicle Plant1:01Middle 50%: 0:36–6:33 · n=16
Advanced Metal Extractor9:00Middle 50%: 8:21–9:50 · n=14

Played most by

_X_7games of this build[crd]sisa4games of this build[Cookie]Maco2games of this buildHummell2games of this buildxabre2games of this build